 Dungeon Crawl Stone Soup version 0.19-a0-1899-g2d93087 (webtiles) character file.

165 prinygod the Magician (level 5, -1/35 HPs)
             Began as a Demonspawn Wizard on Oct 20, 2016.
             Slain by Grinder (8 damage)
             ... while paralysed by Grinder
             ... on level 2 of the Dungeon.
             The game lasted 00:17:11 (3149 turns).

prinygod the Magician (Demonspawn Wizard)           Turns: 3149, Time: 00:17:11

Health: -1/35      AC:  4    Str:  8    XL:     5   Next: 21%
Magic:  9/11       EV:  2    Int: 20    God:
Gold:   202        SH:  0    Dex: 11    Spells: 5 memorised, 1 level left

rFire  . . .     SeeInvis .     q - -1 rapier (curse)
rCold  . . .     Gourm    .     a - +0 robe
rNeg   . . .     Faith    .     (no shield)
rPois  .         Spirit   .     b - +0 hat
rElec  .         Reflect  .     (no cloak)
rCorr  .         Harm     .     (no gloves)
MR     .....                    (no boots)
Stlth  ++........               (no amulet)
                                (no ring)
                                (no ring)

@: paralysed
A: hooves 2, icy blue scales 1
a: no special abilities


You were on level 2 of the Dungeon.
You were not hungry.

You visited 1 branch of the dungeon, and saw 3 of its levels.

You collected 202 gold pieces.

Inventory:

Hand Weapons
 i - a +2 dagger of protection
 q - a cursed -1 rapier (weapon)
Armour
 a - a +0 robe (worn)
 b - a +0 hat (worn)
 o - a +0 ring mail of fire resistance
Scrolls
 g - 4 scrolls of teleportation
 j - 2 scrolls of identify {unknown}
 k - a scroll of enchant armour {unknown}
Potions
 e - 2 potions of curing {unknown}
 h - a potion of mutation {unknown}
 l - a potion of experience {unknown}
 m - a potion of heal wounds {unknown}
 n - 2 potions of degeneration {unknown}
 p - a potion of lignification {unknown}
 r - a potion of might {unknown}
Books
 c - a book of Minor Magic

   Spells                             Type                      Level
   a - Magic Dart                     Conjuration                  1
   b - Blink                          Translocation                2
   c - Call Imp                       Summoning                    2
   d - Repel Missiles                 Charms/Air                   2
   e - Slow                           Hexes                        2
   f - Conjure Flame                  Conjuration/Fire             3
   g - Mephitic Cloud                 Conjuration/Poison/Air       3
Comestibles
 d - a bread ration
 f - 2 beef jerkies
 s - 2 meat rations
 t - a chunk of flesh


   Skills:
 + Level 1.2 Short Blades
 - Level 1.7 Dodging
 + Level 2.4 Stealth
 * Level 4.3 Spellcasting
 + Level 2.8 Conjurations
   Level 1.0 Summonings
 - Level 0.8 Translocations


You had one spell level left.
You knew the following spells:

 Your Spells              Type           Power        Failure   Level  Hunger
a - Magic Dart            Conj           ###.         4%          1    None
b - Blink                 Tloc           N/A          17%         2    #......
c - Repel Missiles        Chrm/Air       #.....       21%         2    #......
d - Conjure Flame         Conj/Fire      #.......     24%         3    ###....
e - Mephitic Cloud        Conj/Pois/Air  #.......     24%         3    ###....


Dungeon Overview and Level Annotations

Branches:
Dungeon (3/15)

Altars:
Ru

Annotations:
D:2 Grinder


Innate Abilities, Weirdness & Mutations

You have hoof-like feet.
You are partially covered in icy blue scales. (AC +2)


Message History

You blink.
Grinder gestures at you. Pain shoots through your body!
You see here a bat skeleton.
There is a stone staircase leading up here.
Grinder misses you.
You climb upwards.
There is a stone staircase leading down here.
Casting: Blink
Confirm with . or Enter, or press ? or * to list all spells.
You blink.
Grinder gestures at you.
You suddenly lose the ability to move!
Grinder gestures at you. Pain shoots through your body!
* * * LOW HITPOINT WARNING * * *
Grinder hits you.
* * * LOW HITPOINT WARNING * * *
Grinder hits you!
You die...

.# #...###.#......#### .#########
#.................. .........#
#...####.##..###### ########.#
#########.##<.# #.#
#.........##..# #.#
#.........##.[# #.#
#.........##..#
#.#####.........##..######
#........@5.....>...#..... ###
#######.....[...###.#h.'##
###.##########.........# #....#).
.......................######.#..
###.##########..............###..
### ##############.##### #..##..
##..#.. #..#..


You could see Grinder.

Vanquished Creatures
  An orc wizard (D:2)
  5 adders
  A worm (D:2)
  3 dart slugs
  A leopard gecko (D:3)
  3 orcs (D:3)
  4 ball pythons
  3 giant cockroaches
  6 hobgoblins
  14 jackals
  6 kobolds
  A quokka (D:1)
  11 bats
  4 frilled lizards
  5 goblins
  10 rats
78 creatures vanquished.

Notes
Turn   | Place    | Note
-------+----------+-------------------------------------------
     0 | D:1      | prinygod the Demonspawn Wizard began the quest for the Orb.
     0 | D:1      | Reached XP level 1. HP: 13/13 MP: 4/4
   352 | D:1      | Gained mutation: You have large cloven feet. [demonic ancestry]
   352 | D:1      | Reached XP level 2. HP: 13/19 MP: 1/6
   543 | D:1      | Learned a level 2 spell: Blink
   546 | D:1      | Learned a level 2 spell: Repel Missiles
   853 | D:1      | Gained mutation: You have hoof-like feet. [demonic ancestry]
   853 | D:1      | Reached XP level 3. HP: 11/24 MP: 0/8
   858 | D:1      | Learned a level 3 spell: Conjure Flame
  1416 | D:2      | Reached skill level 4 in Spellcasting
  1880 | D:2      | Found a sacrificial altar of Ru.
  1910 | D:2      | Reached XP level 4. HP: 5/30 MP: 0/10
  2587 | D:2      | Reached skill level 1 in Short Blades
  2711 | D:2      | Learned a level 3 spell: Mephitic Cloud
  2715 | D:2      | Gained mutation: You are partially covered in icy blue scales. (AC +2) [demonic ancestry]
  2715 | D:2      | Reached XP level 5. HP: 34/35 MP: 6/11
  2840 | D:3      | Found a faded altar of an unknown god.
  2978 | D:3      | Noticed Grinder
  3143 | D:2      | Paralysed by Grinder for 7 turns
  3149 | D:2      | Slain by Grinder

Vault maps used:
D:1:      minmay_arrival_open_corners
D:2:      nicolae_ru_great_annihilating_truth
D:3:      grunt_temple_overflow_diamond, first_bread, serial_corexii_hall,
          corexii_hall_statues_i, corexii_hall_statues_x, ecumenical_altar_2,
          uniq_grinder, uniq_terence

Skill      XL: |  1  2  3  4 |
---------------+-------------+-----
Spellcasting   | 4 |  4.3
Conjurations   | 2 |  2.8
Stealth        | 2 |  2.4
Short Blades   | 1 |  1.2
Dodging        | |  1.7
Summonings     | |  1.0
Translocations | |  0.8

Action                   |  1- 3 |  4- 6 || total
-------------------------+-------+-------++-------
Melee: Dagger            |    71 |       ||    71
       Kick              |    11 |     2 ||    13
       Rapier            |     4 |    15 ||    19
 Cast: Magic Dart        |    74 |    90 ||   164
       Blink             |     1 |     2 ||     3
       Conjure Flame     |     1 |       ||     1
  Use: Scroll            |     1 |       ||     1
 Stab: Sleeping          |     3 |       ||     3
  Eat: Chunk             |     3 |     4 ||     7
Armor: Robe              |    21 |     5 ||    26
Dodge: Dodged            |    65 |    17 ||    82
